[Event "Betsys MČR v online bleskovém šachu 2021"]
[Site "Chess.com"]
[Date "2021.04.17"]
[Round "13"]
[White "Akdub"]
[Black "kaprasov"]
[Result "0-1"]
[WhiteElo "2086"]
[BlackElo "1897"]
[TimeControl "180+1"]
[EndTime "11:11:12 PDT"]
[Termination "Uživatel kaprasov zvítězil na čas"]

1. e4 c5 2. c3 d6 3. d4 Nf6 4. dxc5 Nc6 5. cxd6 Nxe4 6. Bd3 Nxd6 7. Nf3 g6 8. O-O Bg7 9. Qe2 O-O 10. h3 Bf5 11.
Rd1 Qc7 12. Bf4 Bxd3 13. Rxd3 Rfd8 14. Na3 a6 15. Rad1 Rd7 16. Bg3 Rad8 17. Nc2 Qc8 18. Bxd6 Rxd6 19. Rxd6 Rxd6 20. Rxd6 exd6 21. Qd2 Qe6 22.
a3 d5 23. Ne3 Ne7 24. Nd4 Qe4 25. Ne2 Nc6 26. Ng3 Qb1+ 27. Kh2 d4 28. cxd4 Bxd4 29. Nc2 Qxb2 30. Ne4 Bg7 0-1

[Event "Betsys MČR v online bleskovém šachu 2021"]
[Site "Chess.com"]
[Date "2021.04.17"]
[Round "13"]
[White "Krvelacny_krecek"]
[Black "MametevArtem097"]
[Result "1-0"]
[WhiteElo "2344"]
[BlackElo "1993"]
[TimeControl "180+1"]
[EndTime "11:11:13 PDT"]
[Termination "Uživatel Krvelacny_krecek zvítězil po vzdání soupeře"]

1. d4 Nf6 2. c4 e6 3. g3 Bb4+ 4.
Bd2 Bxd2+ 5. Qxd2 d5 6. Bg2 O-O 7.
Nf3 Nbd7 8. O-O dxc4 9. Qc2 Nb6 10. Nbd2 Bd7 11. a4 a5 12. Ne5 Bxa4 13. Rxa4 Nxa4 14. Qxa4 Qxd4 15. Nexc4 c6 16. Qc2 b5 17. Ne3 Rac8 18.
Nb3 Qb4 19. Rc1 Nd5 20. Bxd5 exd5 21. Nf5 a4 22. Nc5 Qg4 23. Ne7+ Kh8 24. Nxc8 Rxc8 25.
e3 Qb4 26. Nd3 Qd6 27. Qc3 h6 28. h4 Kh7 29. Qd4 a3 30. bxa3 Qxa3 31. Rc3 Qa1+ 32. Kg2 Qa6 33. Nb4 Qb7 34. Qc5 Qd7 35. Nxd5 b4 36.
Nxb4 Qd2 37. Nxc6 Ra8 38. Qf5+ Kg8 39. Ne7+ Kf8 40. Rc8+ Rxc8 41. Nxc8 Qd8 42. Qc5+ Ke8 43. Nd6+ Kd7 44. Nxf7 Qa8+ 45. Kh2 Qf3 46. Ne5+ 1-0

[Event "Betsys MČR v online bleskovém šachu 2021"]
[Site "Chess.com"]
[Date "2021.04.17"]
[Round "13"]
[White "p_kana"]
[Black "Cenisuh"]
[Result "1-0"]
[WhiteElo "1774"]
[BlackElo "1591"]
[TimeControl "180+1"]
[EndTime "11:11:13 PDT"]
[Termination "Uživatel p_kana zvítězil na čas"]

1. e4 c5 2. Nf3 d6 3. d4 cxd4 4. Qxd4 Nf6 5. Bg5 Nc6 6. Bb5 Bd7 7. Bxc6 Bxc6 8. Nc3 Qa5 9. O-O-O e5 10. Qc4 Be7 11.
Bxf6 gxf6 12. Nd5 Bxd5 13. Rxd5 Qd8 14. Nh4 Rc8 15. Qd3 Rg8 16. g3 Rc5 17. Nf5 Rxd5 18. Qxd5 Qc7 19. Rd1 Qc6 20. Nxd6+ Qxd6 21. Qxd6 Bxd6 22.
Rxd6 Ke7 23. Rd3 Rg4 24. f3 Rg6 25. c4 Rh6 26. Rd2 b6 27. b4 Rg6 28. Kc2 Rg8 29.
Rd5 Rc8 30. c5 bxc5 31. Rxc5 Ra8 32. Rc7+ Ke6 33. Kc3 a6 34. a3 f5 35. exf5+ Kxf5 36. Rxf7+ Kg6 37. Rc7 h5 38. a4 Kf5 39. Rc5 Re8 40. b5 axb5 41. axb5 Rb8 42. f4 Kf6 43. Rxe5 1-0

[Event "Betsys MČR v online bleskovém šachu 2021"]
[Site "Chess.com"]
[Date "2021.04.17"]
[Round "13"]
[White "Pekibeast"]
[Black "Tretrik"]
[Result "0-1"]
[WhiteElo "1886"]
[BlackElo "2110"]
[TimeControl "180+1"]
[EndTime "11:11:14 PDT"]
[Termination "Uživatel Tretrik zvítězil matem"]

1. e4 b6 2. Nc3 Bb7 3. Nf3 e6 4. d4 Bb4 5. Bd3 Nf6 6. Qe2 d5 7. e5 Ne4 8. Bd2 Nxd2 9. Qxd2 h6 10. a3 Be7 11. O-O c5 12. Rfe1 O-O 13. b3 Nc6 14.
Bf1 cxd4 15. Nxd4 Nxd4 16. Qxd4 Rc8 17. Qd2 Qc7 18. Nb5 Qxc2 19. Qxc2 Rxc2 20. Nxa7 f6 21. exf6 Bxf6 22. Rad1 d4 23. Nb5 Bh4 24. g3 Rfxf2 25.
gxh4 Rxh2 26. Be2 Rg2+ 27. Kf1 Rc8 28. Nxd4 Rf8+ 29. Bf3 Bxf3 30. Nxf3 Rg3 31. Rxe6 Rfxf3+ 32. Ke2 Rxb3 33. Rd8+ Kh7 34. Ra8 Rb2+ 35. Kf1 Rh3 36. Kg1 Rxh4 37. Ra6 Rg4+ 38. Kf1 Rf4+ 39. Kg1 Rc4 40.
Re1 h5 41. Ra7 Kh6 42. Rf7 Rc3 43. Ra1 Rg3+ 44. Kf1 h4 45. Rc7 h3 46. Rc6+ g6 47. Rc8 Kg5 48. Re8 h2 49. Re5+ Kf6 50. Re6+ Kxe6 51. Re1+ Kf6 52. Re6+ Kxe6 53. a4 Rg1# 0-1

[Event "Betsys MČR v online bleskovém šachu 2021"]
[Site "Chess.com"]
[Date "2021.04.17"]
[Round "13"]
[White "tudlenudle"]
[Black "DavidekIII"]
[Result "1-0"]
[WhiteElo "1962"]
[BlackElo "2172"]
[TimeControl "180+1"]
[EndTime "11:11:14 PDT"]
[Termination "Uživatel tudlenudle zvítězil na čas"]

1. e4 c6 2. d4 d5 3. f3 Qb6 4. Nc3 dxe4 5. fxe4 e5 6. Nf3 exd4 7. Qxd4 Qxd4 8. Nxd4 Bb4 9. Nf5 Bxf5 10. exf5 Nf6 11. Bd2 O-O 12. O-O-O Nbd7 13. a3 Ba5 14. h3 h5 15. Bd3 Ne5 16. Be2 Rfe8 17. Rhe1 Rad8 18. b4 Bb6 19. Bg5 a5 20. Bxf6 gxf6 21. Bxh5 axb4 22. axb4 Kg7 23. Kb2 Nc4+ 24. Kb3 Nd2+ 25. Kb2 Nc4+ 26. Kb1 Ne5 27. Ne4 Rd4 28. c3 Rxd1+ 29. Rxd1 Ra8 30.
Nd6 Ra3 31. Kb2 Ra6 32. Nxb7 Ra7 33. Nc5 1-0

[Event "Betsys MČR v online bleskovém šachu 2021"]
[Site "Chess.com"]
[Date "2021.04.17"]
[Round "13"]
[White "veronikam"]
[Black "Classemence"]
[Result "1-0"]
[WhiteElo "1759"]
[BlackElo "1871"]
[TimeControl "180+1"]
[EndTime "11:11:14 PDT"]
[Termination "Uživatel veronikam zvítězil matem"]

1. e4 e5 2. Nf3 Nc6 3. Bb5 a6 4. Ba4 Nf6 5. O-O Be7 6. d4 exd4 7.
e5 Ne4 8. Re1 Nc5 9. Bxc6 dxc6 10. Nxd4 O-O 11. Nc3 Ne6 12. Be3 Bb4 13. a3 Ba5 14. b4 Bb6 15. Nxe6 Bxe6 16. Bxb6 cxb6 17. Qxd8 Raxd8 18. Rad1 Bf5 19. Re2 Rxd1+ 20. Nxd1 Rd8 21. Ne3 g6 22. Kf1 Be6 23. Ke1 Kg7 24. g3 f5 25. Rd2 Rxd2 26. Kxd2 g5 27. Kd3 f4 28.
Nc4 Bxc4+ 29. Kxc4 Kf7 30. a4 Ke6 31. Kd4 h5 32.
gxf4 gxf4 33. Ke4 f3 34. c4 a5 35. b5 c5 36. h4 Ke7 37. Kxf3 Kf7 38. Ke4 Ke6 39. f4 Kf7 40. f5 Ke7 41. Kd5 Kf7 42.
e6+ Ke7 43. Ke5 Kf8 44. Kf6 Ke8 45. e7 Kd7 46. Kf7 Kd6 47. e8=Q Kc7 48. Qe7+ Kc8 49. Qe6+ Kc7 50. Qe5+ Kc8 51. Ke6 Kd8 52. Kd6 Kc8 53. Qe8# 1-0

[Event "Betsys MČR v online bleskovém šachu 2021"]
[Site "Chess.com"]
[Date "2021.04.17"]
[Round "13"]
[White "PaulS_CR"]
[Black "PremetFugas"]
[Result "1-0"]
[WhiteElo "1843"]
[BlackElo "2056"]
[TimeControl "180+1"]
[EndTime "11:11:15 PDT"]
[Termination "Uživatel PaulS_CR zvítězil na čas"]

1. Nf3 d5 2. e3 g6 3. c4 c6 4. d4 Bg7 5. Nc3 Nf6 6. Qb3 O-O 7. cxd5 cxd5 8. Be2 Nc6 9. O-O b6 10. Qa4 Bb7 11. Ba6 Bxa6 12. Qxa6 Qc8 13. Qxc8 Raxc8 14. Bd2 e6 15. a3 Na5 16. Nb5 Nb3 17. Rad1 a6 18. Nc3 Rc7 19. Rfe1 Rfc8 20. Re2 h6 21. Be1 Bf8 22. Ne5 Nd7 23. Nxd7 Rxd7 24. Na2 Rdc7 25.
Kf1 Nc1 26. Nxc1 Rxc1 27. Red2 Bd6 28. g3 Kf8 29. Ke2 Ke7 30. Rxc1 Rxc1 31. Rd1 Rc2+ 32. Rd2 Rc8 33. Kd1 h5 34. Rc2 Rxc2 35. Kxc2 Kf6 36. h4 Kf5 37. Kd3 f6 38. f3 g5 39. Ke2 e5 40. dxe5 1-0

[Event "Betsys MČR v online bleskovém šachu 2021"]
[Site "Chess.com"]
[Date "2021.04.17"]
[Round "13"]
[White "Hroch_Hippo"]
[Black "Skalicky"]
[Result "1-0"]
[WhiteElo "1068"]
[BlackElo "660"]
[TimeControl "180+1"]
[EndTime "11:11:17 PDT"]
[Termination "Uživatel Hroch_Hippo zvítězil na čas"]

1. e4 c5 2. Qh5 Nf6 3. Qxc5 Nxe4 4. Qe3 Nf6 5. Qf3 e6 6. d3 Be7 7. Bg5 O-O 8. Bxf6 Bxf6 9. Be2 Nc6 10. Nc3 Qc7 11.
O-O-O d6 12. Nb5 Qb8 13. d4 a6 14. Nc3 Rd8 15. d5 exd5 16. Nxd5 Ne7 17. Nxe7+ Bxe7 18. Bc4 Rf8 19. Nh3 Qc7 20. Bd3 Be6 21. Qe4 g6 22. f4 Bf5 23. Qd5 Bxd3 24. Qxd3 Rfd8 25. f5 Rac8 26. fxg6 fxg6 27. Qd5+ Kg7 28. Rd2 Qc6 29. Qxc6 Rxc6 30. Nf4 Bg5 31. Ne6+ Kf6 32. Nxd8 Bxd2+ 33. Kxd2 Rc8 34. Rf1+ Ke7 35. Nf7 Rf8 36. c4 Rxf7 37. Rxf7+ Kxf7 38. Kd3 Ke6 39. Kd4 h5 40. g3 g5 41. h4 g4 42. Ke4 b5 43. cxb5 axb5 44. Kf4 Kf6 45. a3 Kg6 46. b3 Kf6 47. a4 bxa4 48.
bxa4 Ke7 49. Kg5 Kd7 50. Kxh5 d5 51. Kxg4 d4 52. Kf3 d3 53. Ke3 d2 54. Kxd2 Kc6 55.
g4 Kd5 56. h5 Ke5 57. g5 Kf5 58. a5 Kxg5 59. a6 Kxh5 60. a7 Kg6 61. a8=Q Kf5 62. Qe8 Kf4 63. Kd3 Kg5 64. Qf7 Kg4 65. Ke3 Kg5 66. Kf3 Kh4 67. Qg8 1-0

[Event "Betsys MČR v online bleskovém šachu 2021"]
[Site "Chess.com"]
[Date "2021.04.17"]
[Round "13"]
[White "JustFilip05"]
[Black "BetsysBetting"]
[Result "1-0"]
[WhiteElo "2121"]
[BlackElo "1968"]
[TimeControl "180+1"]
[EndTime "11:11:18 PDT"]
[Termination "Uživatel JustFilip05 zvítězil po vzdání soupeře"]

1. d4 Nf6 2. Nc3 d6 3. e4 c6 4.
Nf3 Nbd7 5. g3 e5 6. dxe5 dxe5 7. Bg2 Bc5 8. O-O O-O 9. Qe2 Re8 10. Be3 Qe7 11. Rfd1 Bxe3 12. Qxe3 Ng4 13. Qe2 Nc5 14.
Nd2 h5 15. h3 Nf6 16. Nb3 Ne6 17. Rd2 h4 18. Rad1 b6 19. Qc4 Bb7 20. Ne2 a5 21. a4 Rac8 22. g4 c5 23. Qb5 Qc7 24. Nc3 Nf4 25. g5 N6h5 26. Rd7 Qc6 27. R1d6 Qxb5 28.
axb5 Nxg2 29. Kxg2 Nf4+ 30. Kh2 Ba8 31. Rxb6 c4 32.
Nxa5 Ne2 33. Nxe2 Red8 34. Rbd6 Rxd7 35. Rxd7 Rb8 36. Nc6 Bxc6 37. bxc6 Rc8 38. c7 Kh7 39. Nc3 Kg6 40. Nd5 Kxg5 41. Rd8 Rxc7 42. Nxc7 1-0

[Event "Betsys MČR v online bleskovém šachu 2021"]
[Site "Chess.com"]
[Date "2021.04.17"]
[Round "13"]
[White "TarantAnk"]
[Black "marfuss"]
[Result "1-0"]
[WhiteElo "1745"]
[BlackElo "1923"]
[TimeControl "180+1"]
[EndTime "11:11:18 PDT"]
[Termination "Uživatel TarantAnk zvítězil na čas"]

1. e4 e5 2. Nf3 Nf6 3. Bc4 Nxe4 4. d4 d5 5. Bb3 Be7 6. dxe5 O-O 7. Qxd5 Qxd5 8.
Bxd5 Nc5 9. Nc3 c6 10. Bc4 Bf5 11. Nd4 Bg6 12. f4 Nbd7 13. Be3 Nb6 14. Be2 Ne4 15.
Nxe4 Bxe4 16. Bf3 Bxf3 17. Nxf3 Nd5 18. Bd2 Bc5 19. O-O-O Rfd8 20. g3 Rd7 21. Bc3 Rad8 22. Rd3 Nxc3 23. Rxc3 Bb4 24. Rb3 Ba5 25. c4 Bb6 26.
Re1 Rd3 27. Rxd3 Rxd3 28. Ng5 h6 29. Ne4 Rd4 30. b3 Bc5 31. Re2 Kf8 32. Kc2 Ke7 33.
Kc3 Ke6 34. b4 Bb6 35. c5 Bxc5 36. bxc5 Ra4 37. Kb3 Rd4 38. Nd6 b6 39. cxb6 axb6 40.
a4 c5 41. Re3 Kd5 42. h4 c4+ 43. Kc3 Rd1 44. Nxf7 1-0

[Event "Betsys MČR v online bleskovém šachu 2021"]
[Site "Chess.com"]
[Date "2021.04.17"]
[Round "13"]
[White "Klapuch05"]
[Black "rakintsev"]
[Result "1-0"]
[WhiteElo "1601"]
[BlackElo "1719"]
[TimeControl "180+1"]
[EndTime "11:11:19 PDT"]
[Termination "Uživatel Klapuch05 zvítězil na čas"]

1. e4 c6 2. d4 d5 3. exd5 cxd5 4.
c4 Nf6 5. Nc3 Bf5 6. Nf3 e6 7.
Bd3 Bg6 8. c5 Be7 9. O-O Nc6 10.
Be3 a6 11. a3 Ng4 12. Bf4 Nf6 13. Re1 h6 14. h3 h5 15. Ne2 Be4 16. Bxe4 Nxe4 17.
Ne5 g5 18. Nxc6 bxc6 19. Bh2 g4 20. Nf4 gxh3 21. Nxh3 Bh4 22. Re3 Rg8 23. Qxh5 Qe7 24. Bd6 Qd7 25. Qxh4 Nxd6 26. cxd6 Qxd6 27. Rc1 Kd7 28.
Qf4 Qe7 29. Rec3 Rac8 30. R1c2 Rg6 31. Qc1 Qd6 32. Rc5 e5 33. Qd2 e4 34. Qf4 Rf6 35.
Qxd6+ Rxd6 36. Ng5 Rf6 37. b4 Rf5 38. Nh3 Rf6 39.
a4 Rg6 40. b5 axb5 41. axb5 Rcg8 42. bxc6+ Kc7 43. g3 e3 44. Nf4 exf2+ 45. Kxf2 Rxg3 46. Nxd5+ Kc8 47. Ne7+ Kc7 48. Nxg8 Rxg8 49. d5 1-0

[Event "Betsys MČR v online bleskovém šachu 2021"]
[Site "Chess.com"]
[Date "2021.04.17"]
[Round "13"]
[White "Drak1961"]
[Black "zdenav"]
[Result "1-0"]
[WhiteElo "2089"]
[BlackElo "1865"]
[TimeControl "180+1"]
[EndTime "11:11:20 PDT"]
[Termination "Uživatel Drak1961 zvítězil na čas"]

1. d4 d5 2. Nf3 e6 3. g3 Nf6 4. Bg2 c5 5. O-O Nc6 6. c4 cxd4 7. Nxd4 Nxd4 8. Qxd4 dxc4 9. Qxc4 Be7 10. Nc3 O-O 11.
Be3 Qa5 12. a3 Nd7 13. b4 Qh5 14. Bf3 Qg6 15. Nb5 Ne5 16. Qe4 Nxf3+ 17. exf3 Bd7 18. Nxa7 Qh5 19. Qxb7 Rfd8 20. Rfd1 Rab8 21. Qe4 Ba4 22. Rxd8+ Rxd8 23. Nc6 Bf6 24. Nxd8 Bxa1 25. Qa8 h6 26. Qxa4 Kh7 27. Qd7 Qxf3 28. Qxf7 Qd1+ 29. Kg2 Qxd8 30. Qb7 Qd3 31. a4 Bc3 32. a5 h5 33. a6 h4 34. gxh4 Qg6+ 35. Kf1 Qb1+ 36. Ke2 Qc2+ 37.
Kf3 Qf5+ 38. Bf4 Qh3+ 39. Ke2 Qxh4 40. Qe4+ g6 41. a7 Qh5+ 42. Kd3 Bxb4 43. Qb7+ 1-0

[Event "Betsys MČR v online bleskovém šachu 2021"]
[Site "Chess.com"]
[Date "2021.04.17"]
[Round "13"]
[White "FaceOfLightning"]
[Black "nw_tynka"]
[Result "1/2-1/2"]
[WhiteElo "1959"]
[BlackElo "2168"]
[TimeControl "180+1"]
[EndTime "11:11:20 PDT"]
[Termination "Remíza opakováním pozice"]

1. Nf3 c5 2. c4 Nc6 3. Nc3 g6 4.
g3 Bg7 5. Bg2 d6 6. O-O Nh6 7. d3 O-O 8. e4 e5 9. h3 f5 10. Bg5 Qd7 11. Nd5 Nf7 12. Be3 Ne7 13. Qd2 Nxd5 14. cxd5 b6 15. Ng5 Nxg5 16. Bxg5 Qf7 17. Kh2 f4 18. gxf4 exf4 19. f3 h6 20. Bh4 g5 21. Bf2 Be5 22. Kh1 Qf6 23. d4 cxd4 24. Rad1 Ba6 25. Rg1 d3 26. Bf1 Bxb2 27. Bxd3 Bxd3 28. Qxd3 Rac8 29. Bd4 Bxd4 30. Qxd4 Qxd4 31.
Rxd4 Rc3 32. h4 Rxf3 33. hxg5 hxg5 34. Rxg5+ Kf7 35. Ra4 a5 36. Rc4 Rf2 37. Rc7+ Ke8 38. Rgg7 Rh8+ 39. Kg1 Rxa2 40. Rge7+ Kd8 41. Red7+ Ke8 42.
Re7+ Kd8 43. Red7+ Ke8 44. Re7+ 1/2-1/2

[Event "Betsys MČR v online bleskovém šachu 2021"]
[Site "Chess.com"]
[Date "2021.04.17"]
[Round "13"]
[White "ReceptiveYoyo"]
[Black "doktorovak"]
[Result "0-1"]
[WhiteElo "1374"]
[BlackElo "1683"]
[TimeControl "180+1"]
[EndTime "11:11:20 PDT"]
[Termination "Uživatel doktorovak zvítězil na čas"]

1. d4 d5 2. c4 e6 3. e3 Nf6 4.
Nf3 Bb4+ 5. Bd2 Bxd2+ 6. Nbxd2 dxc4 7. Bxc4 O-O 8. Qc2 h6 9. O-O b6 10. Ne4 Bb7 11. Nxf6+ Qxf6 12. Be2 Qe7 13. Rac1 c6 14. Bd3 Nd7 15. Bh7+ Kh8 16. Bd3 Rac8 17. Be2 c5 18. Qd3 cxd4 19. Rxc8 Rxc8 20. Qxd4 Nc5 21. Rd1 Bd5 22.
a3 Nb3 23. Qd3 Bc4 24. Qc2 b5 25. a4 a6 26. axb5 axb5 27. Ne5 Na5 28. Bxc4 bxc4 29.
Qa4 Rc5 30. Rd7 Qe8 31. Nxf7+ Kh7 32. Nd6 Qg6 33. g3 Rd5 34. Ra7 Qb1+ 35. Kg2 Qxb2 36. Rxa5 Rxd6 37. Rb5 Qe2 0-1

[Event "Betsys MČR v online bleskovém šachu 2021"]
[Site "Chess.com"]
[Date "2021.04.17"]
[Round "13"]
[White "Alesbar"]
[Black "Jeff_CZE"]
[Result "0-1"]
[WhiteElo "1605"]
[BlackElo "1809"]
[TimeControl "180+1"]
[EndTime "11:11:21 PDT"]
[Termination "Uživatel Jeff_CZE zvítězil na čas"]

1. Nf3 e6 2. g3 d5 3. Bg2 Nf6 4. O-O Be7 5. d4 O-O 6. Nbd2 c5 7. c3 Nc6 8. Nb3 cxd4 9. Nbxd4 Qc7 10. h3 b6 11. Bf4 e5 12. Nxc6 exf4 13. Nxe7+ Qxe7 14. gxf4 Nh5 15. e3 Bb7 16. Ne5 g6 17. Qg4 Nf6 18. Qg5 Rae8 19. Rad1 Qe6 20. Rd4 Kg7 21. Rfd1 h6 22. Qg3 Ne4 23. Bxe4 dxe4 24. Rd7 Bc8 25. Rxa7 Qxh3 26. Qxh3 Bxh3 27. Rd6 Bf5 28. Rxb6 Rd8 29. Rbb7 Be6 30. b3 Rd2 31. Rc7 g5 32. fxg5 hxg5 33. Kg2 Kf6 34. Nc4 g4 35. Nxd2 g3 36. Kxg3 Rg8+ 37.
Kh2 Rh8+ 38. Kg1 Rh6 0-1

[Event "Betsys MČR v online bleskovém šachu 2021"]
[Site "Chess.com"]
[Date "2021.04.17"]
[Round "13"]
[White "Bohous13"]
[Black "NeumanPetr"]
[Result "0-1"]
[WhiteElo "2239"]
[BlackElo "2477"]
[TimeControl "180+1"]
[EndTime "11:11:22 PDT"]
[Termination "Uživatel NeumanPetr zvítězil na čas"]

1. e4 d6 2. d4 Nf6 3. f3 e5 4. dxe5 dxe5 5. Qxd8+ Kxd8 6. Bc4 Ke8 7. Nc3 c6 8. Be3 Nbd7 9. O-O-O Bc5 10. Bxc5 Nxc5 11.
b4 Ne6 12. Nge2 Ke7 13. Kb2 a5 14. a3 Nc7 15. h4 h5 16. Rd2 Be6 17. Bxe6 Nxe6 18.
Rhd1 Rhd8 19. Rxd8 Nxd8 20. Kb3 Ne6 21. Na4 b5 22.
Nc5 Nxc5+ 23. bxc5 Nd7 24. c4 Nxc5+ 25. Kc3 Rd8 26.
Rxd8 Kxd8 27. cxb5 cxb5 28. Ng3 g6 29. Nf1 Kc7 30. Ne3 Kc6 31. Nd5 Ne6 32. g4 Nf4 33. Nf6 Kc5 34. Nd7+ Kd6 35. Nf6 Ke6 36.
Ne8 Kd7 37. Nf6+ Ke7 38. Ng8+ Ke6 39. Nh6 Ng2 40. gxh5 gxh5 41. Nf5 Nf4 42. Kb3 Kd7 43. Kc3 Kc6 44. Ne7+ Kc5 45. Nf5 b4+ 46. axb4+ axb4+ 47. Kb3 Ne2 48. Ng7 Nd4+ 49. Kb2 Nxf3 50. Nxh5 Nxh4 51. Nf6 Nf3 52. Kb3 Nd2+ 53. Kb2 Kd4 0-1

[Event "Betsys MČR v online bleskovém šachu 2021"]
[Site "Chess.com"]
[Date "2021.04.17"]
[Round "13"]
[White "sachistamartin"]
[Black "Ondre2836"]
[Result "0-1"]
[WhiteElo "1414"]
[BlackElo "1277"]
[TimeControl "180+1"]
[EndTime "11:11:23 PDT"]
[Termination "Uživatel Ondre2836 zvítězil matem"]

1. c4 c5 2. Nf3 Nf6 3. e3 g6 4. d4 d6 5. Nc3 Bg7 6. Bd3 b6 7. O-O Bb7 8. Qe2 Nbd7 9. b3 O-O 10.
Bb2 Qc7 11. Rac1 Rfe8 12. Nb5 Qc8 13. Rfd1 a6 14. Nc3 Qc7 15. dxc5 bxc5 16. Bb1 Rad8 17. e4 e5 18. Nd5 Bxd5 19. exd5 Qb6 20. Qe3 Qb4 21.
a3 Qb6 22. Nd2 Ng4 23. Qg3 Ndf6 24. h3 Nh6 25. Ne4 Nxe4 26. Bxe4 a5 27. f4 exf4 28.
Qh4 Bxb2 29. Qxh6 Bxc1 30. Rxc1 Qxb3 31. Bf3 Qxa3 32. Rf1 Qe3+ 33. Kh1 a4 34. Bd1 a3 35. Qxf4 Qxf4 36. Rxf4 Re1+ 37. Kh2 Rxd1 38. Rf2 Ra1 39. h4 a2 40. Kg3 Re8 41. Rb2 Re3+ 42. Kf4 Ra3 43.
Kg5 Kg7 44. g4 Rg1 45. h5 a1=Q 46. h6+ Kf8 47. Rb8+ Ke7 48. Rb7+ Kd8 49. Rb8+ Kc7 50. Rf8 f6+ 51. Kh4 Qb2 52. Rf7+ Kd8 53. Rxh7 Qh2# 0-1

[Event "Betsys MČR v online bleskovém šachu 2021"]
[Site "Chess.com"]
[Date "2021.04.17"]
[Round "13"]
[White "MilosJi"]
[Black "petrgnojek"]
[Result "1-0"]
[WhiteElo "2576"]
[BlackElo "2286"]
[TimeControl "180+1"]
[EndTime "11:11:25 PDT"]
[Termination "Uživatel MilosJi zvítězil na čas"]

1. Nf3 d6 2. d4 g6 3. g3 Bg7 4. Bg2 Nf6 5. O-O O-O 6. c4 Nbd7 7. Qc2 e5 8. Rd1 Re8 9. Nc3 c6 10. e4 exd4 11. Nxd4 Nc5 12. Bf4 Qe7 13. Nxc6 bxc6 14. Bxd6 Qe6 15. Bxc5 Qxc4 16. Bd4 Bg4 17. Rd2 Nxe4 18.
Nxe4 Qxc2 19. Rxc2 Bxd4 20. Rxc6 Bxb2 21. Rb1 Bf5 22.
Rxb2 Bxe4 23. Rc7 Bxg2 24. Kxg2 Rec8 25. Rbb7 Rxc7 26. Rxc7 Kg7 27. a4 a5 28. Kf3 Kf6 29.
Rc5 h5 30. h4 Ra6 31. Rb5 Ke6 32. Kf4 Kf6 33. Rc5 Ra7 34. Ke4 Ke6 35. Rc6+ Kd7 36. Rf6 Ke7 37. Rb6 Rc7 38. Kd3 Rd7+ 39. Kc3 Rc7+ 40. Kb3 Rc5 41. Rb5 Kd6 42. Rb7 Ke6 43.
f4 f6 44. Rb6+ Ke7 45. Ra6 Kd7 46. Rxf6 Ke7 47. Rxg6 Kf7 48. Rg5 1-0

[Event "Betsys MČR v online bleskovém šachu 2021"]
[Site "Chess.com"]
[Date "2021.04.17"]
[Round "13"]
[White "VojtaT"]
[Black "sipos88"]
[Result "0-1"]
[WhiteElo "1718"]
[BlackElo "1863"]
[TimeControl "180+1"]
[EndTime "11:11:25 PDT"]
[Termination "Uživatel sipos88 zvítězil matem"]

1. e4 e5 2. Nf3 Nc6 3. Bb5 Bc5 4. c3 a6 5. Ba4 b5 6. Bc2 d6 7. d4 exd4 8. cxd4 Ba7 9. O-O Bg4 10. Be3 Nge7 11.
Nbd2 O-O 12. h3 Bh5 13. Qe2 f5 14. Rad1 f4 15. g4 Bg6 16. Ng5 Qd7 17. Bb3+ Kh8 18. d5 fxe3 19. dxc6 Nxc6 20. Nb1 exf2+ 21. Kg2 Nd4 22.
Qd3 Nxb3 23. Qxb3 Qe7 24. Nf3 Bxe4 25. Nd2 Bxf3+ 26. Nxf3 c5 27. Qd5 Rad8 28. Rxf2 c4 29. Rff1 Qe2+ 30. Kh1 Rf6 31. Rde1 Qxb2 32. Ng5 Qd4 33.
Nf7+ Rxf7 34. Qxd4 Rxf1+ 35. Rxf1 Bxd4 36. Rd1 Be5 37.
Kg2 h6 38. Kf3 d5 39. h4 d4 40. h5 d3 41. Re1 Bc3 42. Rd1 d2 43. Ke4 Bb4 44. Ke3 c3 45. Rg1 c2 46. Ke4 d1=Q 47. Rxd1 cxd1=Q 48. Kf5 Qe1 49. Kg6 Rd6+ 50. Kf7 Qe6+ 51. Kf8 Rd7# 0-1

[Event "Betsys MČR v online bleskovém šachu 2021"]
[Site "Chess.com"]
[Date "2021.04.17"]
[Round "13"]
[White "RomanHlavicka"]
[Black "HerjoAnpe"]
[Result "1-0"]
[WhiteElo "1520"]
[BlackElo "1247"]
[TimeControl "180+1"]
[EndTime "11:11:25 PDT"]
[Termination "Uživatel RomanHlavicka zvítězil matem"]

1. e4 e5 2. Nf3 Nc6 3. d4 exd4 4. Bc4 Na5 5. Bxf7+ Kxf7 6. Ne5+ Kf6 7. Qf3+ Kxe5 8. Qf5+ Kd6 9. Qd5+ Ke7 10. Qxa5 d6 11. O-O c5 12. Qe1 Kd7 13. c3 dxc3 14. Nxc3 Kc7 15.
Nd5+ Kb8 16. Bf4 Nf6 17. Nc3 Qb6 18. e5 Ne8 19. exd6 Bxd6 20. Bxd6+ Nxd6 21. Rd1 Re8 22. Qd2 Nc4 23. Qf4+ Qc7 24. Qxc4 a6 25. Nd5 Qc6 26. Qf4+ Ka7 27. Nc7 Be6 28. Nxa8 Rxa8 29. Rfe1 Bxa2 30. Rc1 Bd5 31. Qe3 b6 32. Qe7+ Kb8 33.
Qf8+ Kb7 34. Re7+ Qc7 35. Rxc7+ Kxc7 36. Qe7+ Kb8 37. Qxg7 Ra7 38. Qe5+ Kc8 39. Qxd5 Rd7 40. Qf5 Kc7 41. Re1 a5 42. Qe5+ Kc8 43. Qe8+ Rd8 44.
Qc6+ Kb8 45. Qxb6+ Ka8 46. Qxd8+ Kb7 47. Re7+ Kc6 48.
Qc7+ Kb5 49. Re5 Kc4 50. Qxc5+ Kd3 51. Qc3# 1-0

[Event "Betsys MČR v online bleskovém šachu 2021"]
[Site "Chess.com"]
[Date "2021.04.17"]
[Round "13"]
[White "Clockwork7orange"]
[Black "Stalri"]
[Result "0-1"]
[WhiteElo "2311"]
[BlackElo "2218"]
[TimeControl "180+1"]
[EndTime "11:11:26 PDT"]
[Termination "Uživatel Stalri zvítězil na čas"]

1. Nc3 Nf6 2. e4 b6 3. e5 Ng8 4. Qf3 Nc6 5. Bc4 e6 6. d4 Nxd4 7. Qxa8 Nxc2+ 8. Kd1 Nxa1 9. Nf3 Bc5 10. Ne4 Ne7 11. Nxc5 bxc5 12. Bg5 O-O 13. Kc1 h6 14. Bxe7 Qxe7 15. Qxa7 d6 16. exd6 Qxd6 17. Kb1 Rd8 18. a3 Qf4 19. Qxc5 Nc2 20. Kxc2 Qe4+ 21. Kc1 Bb7 22.
Rd1 Qf4+ 23. Nd2 Bxg2 24. Qe3 Qxh2 25. Nb3 Rd6 26. Rxd6 cxd6 27. Bd3 Bd5 28. Nd2 h5 29. Kc2 Qh4 30. f4 Qg4 31. a4 h4 32. Be4 Bxe4+ 33. Qxe4 h3 34. a5 h2 35. a6 Qg1 36. a7 Qxa7 37. Nf1 Qc5+ 38. Kd3 Qg1 0-1

[Event "Betsys MČR v online bleskovém šachu 2021"]
[Site "Chess.com"]
[Date "2021.04.17"]
[Round "13"]
[White "Tolja1"]
[Black "TheFr0zenSun"]
[Result "1/2-1/2"]
[WhiteElo "2056"]
[BlackElo "2242"]
[TimeControl "180+1"]
[EndTime "11:11:26 PDT"]
[Termination "Remíza opakováním pozice"]

1. Nf3 c5 2. c4 Nc6 3. Nc3 g6 4. e3 Bg7 5. d4 d6 6. d5 Nb4 7.
a3 Na6 8. Be2 Nf6 9. O-O O-O 10.
h3 Bd7 11. Qc2 Nc7 12. a4 b6 13. b3 Rb8 14. Bb2 Na6 15. Qd2 Nb4 16. e4 Ne8 17. Rfe1 Nc7 18. Bf1 f6 19. Nb5 a6 20. Nxc7 Qxc7 21.
Bc3 a5 22. Qb2 Rbe8 23. Nd2 e5 24. dxe6 Rxe6 25. Rad1 Bc6 26. f3 Rfe8 27. Qb1 Bh6 28.
Bd3 Bf4 29. Nf1 Be5 30. Bxe5 dxe5 31. Bc2 Rd6 32. Rxd6 Qxd6 33. Rd1 Qc7 34. Ne3 Rd8 35. Nd5 Bxd5 36. cxd5 Rd6 37. Bd3 Nxd3 38. Qxd3 Kg7 39. Rc1 Qb7 40. Rc2 Kf7 41. Kh2 Kg7 42. Qc4 Kf7 43.
Qd3 Kg7 44. Qc4 Kf7 45. Qd3 1/2-1/2

[Event "Betsys MČR v online bleskovém šachu 2021"]
[Site "Chess.com"]
[Date "2021.04.17"]
[Round "13"]
[White "VeceraP1973"]
[Black "fera_v"]
[Result "0-1"]
[WhiteElo "1950"]
[BlackElo "2233"]
[TimeControl "180+1"]
[EndTime "11:11:26 PDT"]
[Termination "Uživatel fera_v zvítězil po vzdání soupeře"]

1. e4 e6 2. d4 d5 3. Nc3 Nf6 4. e5 Nfd7 5. Nf3 c5 6. dxc5 Bxc5 7. Bd3 Nc6 8. Bf4 a6 9. O-O b5 10. a3 Bb7 11. Re1 h6 12. Bg3 Qe7 13. Nxd5 exd5 14. e6 fxe6 15. Bg6+ Kd8 16. Bh4 Nf6 17. Bf5 Bc8 18. b3 Qf7 19. Bh3 Kc7 20. c4 bxc4 21. bxc4 d4 22. Bg3+ Kd8 23. Qa4 Bd7 24. Bxe6 Qg6 25.
Bxd7 Nxd7 26. Qxc6 Qxc6 27. Rad1 Re8 28. Rxe8+ Kxe8 29.
h4 Rc8 30. Re1+ Kf8 31. h5 d3 32. Nh4 Kf7 33. Rd1 Qe4 34. Nf3 Qg4 35. Rxd3 Nf6 36.
Ne5+ Ke6 37. Nxg4 Nxg4 38. Rd5 Nf6 39. Re5+ Kf7 40. Rf5 Bxa3 41. Kh2 Bc5 42. f3 a5 43. Be5 a4 44. Ba1 a3 45. g4 a2 46. Re5 Bd6 47. f4 Bxe5 48. fxe5 Rxc4 49. exf6 Rc1 50.
Bd4 a1=Q 51. Bxa1 Rxa1 52. fxg7 Kxg7 53. Kg2 Kf6 54. Kf3 Kg5 55. Ke4 Ra4+ 56. Kd3 Rxg4 57. Ke3 Kxh5 58. Kf3 Kg5 59. Kf2 h5 60. Kf3 h4 0-1